 Dungeon Crawl Stone Soup version 0.28.0-1-gb440e238dd (webtiles) character file.

Game seed: 14044827914635383998

95 Ablot the Grasshopper (level 4, -1/38 HPs)
             Began as a Gnoll Warper on Feb 26, 2022.
             Slain by an orc (3 damage)
             ... on level 3 of the Dungeon.
             The game lasted 00:03:32 (2634 turns).

Ablot the Grasshopper (Gnoll Warper)                Turns: 2634, Time: 00:03:32

Health: -1/38      AC:  4    Str: 12    XL:     4   Next: 65%
Magic:  11/11      EV: 14    Int: 12    God:
Gold:   94         SH:  0    Dex: 18    Spells: 11/13 levels left

rFire   . . .      SeeInvis .   a - +0 spear
rCold   . . .      Faith    .   (no shield)
rNeg    . . .      Spirit   .   b - +0 leather armour
rPois   .          Reflect  .   (no helmet)
rElec   .          Harm     .   l - +0 cloak
rCorr   .          Rampage  .   (no gloves)
Will    +....                   (no boots)
Stlth   ++........              (no amulet)
HPRegen 0.12/turn               m - +6 ring of dexterity
MPRegen 0.12/turn               q - ring of willpower

@: no status effects
A: fangs 1, strong nose, distributed training
a: no special abilities


You were on level 3 of the Dungeon.
You visited 1 branch of the dungeon, and saw 3 of its levels.

You collected 94 gold pieces.

Inventory:

Hand Weapons
 a - a +0 spear (weapon)
Missiles
 d - 5 boomerangs of dispersal
 e - 77 stones
 g - a poisoned dart (quivered)
 i - 30 arrows
 o - 45 bolts
Armour
 b - a +0 leather armour (worn)
 l - a +0 cloak (worn)
Jewellery
 m - a +6 ring of dexterity (left hand)
 q - a ring of willpower (right hand)
Wands
 k - a wand of digging (7)
Scrolls
 c - a scroll of blinking
 f - 4 scrolls of identify {unknown}
 j - a scroll of holy word {unknown}
 n - 2 scrolls of fog {unknown}
 r - a scroll of teleportation {unknown}
Potions
 h - a potion of curing {unknown}
 p - a potion of mutation {unknown}


   Skills:
 + Level 4.6 Fighting
 + Level 1.2 Short Blades
 + Level 1.2 Long Blades
 + Level 1.2 Axes
 + Level 1.2 Maces & Flails
 + Level 4.6 Polearms
 + Level 1.2 Staves
 + Level 1.2 Slings
 + Level 1.2 Bows
 + Level 1.2 Crossbows
 + Level 2.8 Throwing
 + Level 2.8 Armour
 + Level 4.6 Dodging
 + Level 1.2 Stealth
 + Level 1.2 Shields
 + Level 1.2 Unarmed Combat
 + Level 5.1 Spellcasting
 + Level 1.0 Conjurations
 + Level 1.0 Hexes
 + Level 1.0 Summonings
 + Level 1.0 Necromancy
 + Level 5.5 Translocations
 + Level 1.0 Transmutations
 + Level 1.0 Fire Magic
 + Level 1.0 Ice Magic
 + Level 1.0 Air Magic
 + Level 1.0 Earth Magic
 + Level 1.0 Poison Magic
 + Level 1.3 Invocations
 + Level 1.2 Evocations


You had 11 spell levels left.
You knew the following spells:

 Your Spells              Type           Power      Damage    Failure   Level
a - Blink                 Tloc           32%        N/A       4%          2

Your spell library contained the following spells:

 Spells                   Type           Power      Damage    Failure   Level
 Gell's Gravitas          Tloc           16%        N/A       8%          3
 Lesser Beckoning         Tloc           16%        N/A       8%          3
 Teleport Other           Tloc           16%        N/A       8%          3
 Animate Skeleton         Necr           10%        N/A       17%         1
 Pain                     Necr           20%        1d5       17%         1
 Sandblast                Erth           10%        2d5       17%         1
 Sting                    Tmut/Pois      20%        1d4       17%         1
 Ensorcelled Hibernation  Hex/Ice        10%        N/A       26%         2
 Poisonous Vapours        Pois/Air       10%        N/A       26%         2
 Spider Form              Tmut/Pois      5%         N/A       45%         3
 Vampiric Draining        Necr           5%         2d6       45%         3
 Manifold Assault         Tloc           16%        N/A       58%         5
 Anguish                  Hex/Necr       2%         N/A       86%         4
 Olgreb's Toxic Radiance  Pois           5%         N/A       86%         4
 Iron Shot                Conj/Erth      2%         9d2       100%        6
 Malign Gateway           Summ/Tloc      5%         N/A       100%        7


Dungeon Overview and Level Annotations

Branches:
Dungeon (3/15)

Altars:

Shops:
D:3 [


Innate Abilities, Weirdness & Mutations

You have very sharp teeth.
Your uncanny sense of smell can sniff out nearby items.
Your experience applies equally to all skills.


Message History

Reach: a) +0 spear
Press: ? - help, Dir - move target, f - you That would be overly suicidal.
Okay, then.
Something hits you.
Things that are here:
a +3 vorpal war axe; a bat corpse You closely miss something.
Something closely misses you.
You closely miss something. Something hits you but does no damage.
You hit something.
The orc hits you from afar with a +0 trident.
Something hits you.
You closely miss something. The orc closely misses you.
Something barely misses you.
You hit something but do no damage. The orc misses you.
You hit something. Something barely misses you. The orc barely misses you.
You closely miss something. Something hits you but does no damage.
The orc hits you from afar with a +0 trident!
You miss something. Something hits you but does no damage.
The orc completely misses you.
You hit something but do no damage. Something barely misses you.
The orc hits you from afar with a +0 trident!
* * * LOW HITPOINT WARNING * * *
You miss something. Something hits you.
* * * LOW HITPOINT WARNING * * *
You hit something. The orc hits you but does no damage. Something hits you.
* * * LOW HITPOINT WARNING * * *
You hit something. The orc barely misses you. Something hits you.
* * * LOW HITPOINT WARNING * * *
The orc closely misses you. The orc closely misses you.
The orc hits you but does no damage.
You hit the orc. You punch the orc. You bite the orc.
The orc is severely wounded.
The orc hits you with a +0 trident.
* * * LOW HITPOINT WARNING * * *
You hit the orc.
The orc is almost dead.
The orc hits you with a +0 trident.
You die...

###### #....# ##... ......#
#....# ##.... .......## #....#
#..... ....o...# #....#
#######..... ........# #....#
#....##..... ........###...##
#....##..... ..........#.#{#
###...........
..........#o#.###.............
............#@...........#....
............o..#......†##.....
........>...............#....<
................#.###.........
...........<...#..#.......†...
..............##............>.
..........................†..
............#..##...........
..##.###.....##...........


You could see an orc.

Vanquished Creatures
  3 adders (D:2)
  2 dart slugs
  An orc (D:3)
  8 endoplasms
  A giant cockroach (D:1)
  7 goblins
  3 hobgoblins
  4 jackals (D:1)
  4 kobolds
  3 quokkas
  3 ball pythons
  8 bats
  6 frilled lizards
  4 rats
57 creatures vanquished.

Notes
Turn   | Place    | Note
-------+----------+-------------------------------------------
     0 | D:1      | Ablot the Gnoll Warper began the quest for the Orb.
     0 | D:1      | Reached XP level 1. HP: 20/20 MP: 6/6
   125 | D:1      | Reached XP level 2. HP: 21/26 MP: 7/7
   138 | D:1      | Learned a level 2 spell: Blink
   622 | D:1      | You fall into a shaft and drop 1 floor!
   633 | D:2      | Reached skill level 5 in Spellcasting
   633 | D:2      | Reached XP level 3. HP: 28/31 MP: 7/9
   893 | D:2      | Found a faded altar of an unknown god.
   961 | D:2      | Reached skill level 1 in Invocations
   981 | D:2      | Reached skill level 1 in Short Blades
   981 | D:2      | Reached skill level 1 in Long Blades
   981 | D:2      | Reached skill level 1 in Axes
   981 | D:2      | Reached skill level 1 in Maces & Flails
   981 | D:2      | Reached skill level 1 in Staves
   981 | D:2      | Reached skill level 1 in Slings
   981 | D:2      | Reached skill level 1 in Bows
   981 | D:2      | Reached skill level 1 in Crossbows
   981 | D:2      | Reached skill level 1 in Stealth
   981 | D:2      | Reached skill level 1 in Shields
   981 | D:2      | Reached skill level 1 in Unarmed Combat
   981 | D:2      | Reached skill level 1 in Evocations
  1229 | D:2      | Reached XP level 4. HP: 38/38 MP: 11/11
  2320 | D:3      | Found Siej's Armour Boutique.
  2430 | D:3      | Reached skill level 1 in Conjurations
  2430 | D:3      | Reached skill level 1 in Hexes
  2430 | D:3      | Reached skill level 1 in Summonings
  2430 | D:3      | Reached skill level 1 in Necromancy
  2430 | D:3      | Reached skill level 1 in Transmutations
  2430 | D:3      | Reached skill level 1 in Fire Magic
  2430 | D:3      | Reached skill level 1 in Ice Magic
  2430 | D:3      | Reached skill level 1 in Air Magic
  2430 | D:3      | Reached skill level 1 in Earth Magic
  2430 | D:3      | Reached skill level 1 in Poison Magic
  2440 | D:3      | Got Labb's Collected Works on the Rocks and Displacement
  2634 | D:3      | Slain by an orc

Illustrated notes

Levels and vault maps discovered:
D:1:      dpeg_arrival_morbid_curiosity, layout_basic,
          amcnicky_mini_corridor_feature
D:2:      layout_loops_ring, hellmonk_ecumenical_altar_leap_of_faith,
          minmay_diced_spiral
D:3:      layout_rooms, serial_shops, nicolae_shop_hallway_stairs,
          gup_sewer_entry_spiral

Skill      XL: |  1  2  3  4 |
---------------+-------------+-----
Spellcasting   | 5 |  5.1
Invocations    | 1 |  1.3
Short Blades   | 1 |  1.2
Long Blades    | 1 |  1.2
Axes           | 1 |  1.2
Maces & Flails | 1 |  1.2
Staves         | 1 |  1.2
Slings         | 1 |  1.2
Bows           | 1 |  1.2
Crossbows      | 1 |  1.2
Stealth        | 1 |  1.2
Shields        | 1 |  1.2
Unarmed Combat | 1 |  1.2
Evocations     | 1 |  1.2
Conjurations   | 1 |  1.0
Hexes          | 1 |  1.0
Summonings     | 1 |  1.0
Necromancy     | 1 |  1.0
Transmutations | 1 |  1.0
Fire Magic     | 1 |  1.0
Ice Magic      | 1 |  1.0
Air Magic      | 1 |  1.0
Earth Magic    | 1 |  1.0
Poison Magic   | 1 |  1.0
Fighting       | |  4.6
Polearms       | |  4.6
Throwing       | |  2.8
Armour         | |  2.8
Dodging        | |  4.6
Translocations | |  5.5

Action                   |  1- 3 |  4- 6 || total
-------------------------+-------+-------++-------
Melee: Spear             |   139 |   108 ||   247
       Bite              |     7 |     6 ||    13
       Punch             |       |     2 ||     2
Throw: Dart              |     4 |       ||     4
 Stab: Sleeping          |     2 |     4 ||     6
Armor: Leather armour    |    44 |    26 ||    70
Dodge: Dodged            |    91 |    43 ||   134
